 Dungeon Crawl Stone Soup version 0.31-a0-319-g4fced400ed (webtiles) character file.

Game seed: 8381763717581864915

8457 Newt the Basher (level 11, -5/80 HPs)
             Began as a Demonspawn Gladiator on July 17, 2023.
             Was an Elder of Hepliaklqana.
             Slain by a titan skeleton (24 damage)
             ... on level 2 of the Abyss.
             The game lasted 00:13:05 (10043 turns).

Newt the Basher (Demonspawn Gladiator)             Turns: 10043, Time: 00:13:05

Health: -5/80      AC: 22    Str: 19    XL:     11   Next: 10%
Magic:  11/11      EV: 12    Int: 14    God:    Hepliaklqana [****..]
Gold:   465        SH:  0    Dex: 18    Spells: 10/10 levels left

rFire   . . .        s - +2 dire flail of Eleill {heavy, rPois rN+ SInv}
rCold   + . .        (shield currently unavailable)
rNeg    + . .        B - +0 scale mail of the Cockroach {Int+4 Dex+4}
rPois   +            (helmet unavailable)
rElec   .            D - +1 cloak {rPois}
rCorr   .            f - +0 pair of gloves
SInv    +            H - +0 pair of boots
Will    .....        K - amulet of magic regeneration
Stlth   +            x - ring of protection from cold
HPRegen 0.33/turn    (no ring)
MPRegen 0.64/turn

%: no passive effects
@: sanguine armoured, very slow
A: reduced essence, horns 3, foul stench 3, augmentation 1, magic regeneration,
sanguine armour 2
a: Renounce Religion, Recall Ancestor, Ancestor Identity, Transference, Idealise


You were on level 2 of the Abyss.
You worshipped Hepliaklqana.
Hepliaklqana was greatly pleased with you.
You visited 1 branch of the dungeon, and saw 10 of its levels.
You visited the Abyss 1 time.

You collected 465 gold pieces.

Inventory:

Hand Weapons
 a - a +0 rapier
 m - a +2 dagger of speed
 n - a +1 dagger of venom
 r - a +2 heavy whip
 s - the +2 dire flail of Eleill (weapon) {heavy, rPois rN+ SInv}
   (You took it off an ogre on level 8 of the Dungeon)

   rPois:     It protects you from poison.
   rN:        It protects you from negative energy.
   SInv:      It lets you see invisible.
Missiles
 d - a throwing net (quivered)
 e - a javelin
 p - 30 poisoned darts
 C - 7 boomerangs
Armour
 b - a +0 leather armour
 c - a +0 helmet
 f - a +0 pair of gloves (worn)
 h - a +2 hat
 y - a +2 leather armour of cold resistance
 B - the +0 scale mail of the Cockroach (worn) {Int+4 Dex+4}
   (You took it off a kobold on level 4 of the Dungeon)

   Int:       It affects your intelligence (+4).
   Dex:       It affects your dexterity (+4).
 D - a +1 cloak of poison resistance (worn)
 F - +0 steam dragon scales
 H - a +0 pair of boots (worn)
Jewellery
 x - a ring of protection from cold (left hand)
 z - a ring of fire
 E - a ring of willpower
 J - a +5 ring of evasion
 K - an amulet of magic regeneration (around neck)
 N - an amulet of faith
Wands
 u - a wand of flame (7)
 w - a wand of charming (15)
 L - a wand of iceblast (9)
Scrolls
 j - 7 scrolls of teleportation
 k - 2 scrolls of enchant weapon
 G - a scroll of enchant armour
 I - 2 scrolls of identify
 O - a scroll of noise {unknown}
Potions
 g - a potion of magic
 i - 4 potions of brilliance
 l - a potion of mutation
 o - a potion of lignification
 q - a potion of enlightenment
 t - 4 potions of heal wounds
 v - 5 potions of curing
 A - a potion of ambrosia
 M - a potion of invisibility {unknown}
 P - a potion of berserk rage {unknown}


   Skills:
 - Level 9.0 Fighting
 - Level 2.6 Short Blades
 + Level 10.5 Maces & Flails
 - Level 1.7 Throwing
 - Level 8.0 Armour
 - Level 4.0 Dodging
 - Level 2.0 Stealth


You had 10 spell levels left.
You didn't know any spells.
Your spell library contained the following spells:

 Spells                   Type           Power      Damage    Failure   Level
 Apportation              Tloc           0%         N/A       58%         1
 Magic Dart               Conj           0%         1d3       58%         1
 Sandblast                Erth           0%         2d4       58%         1
 Ensorcelled Hibernation  Hex/Ice        0%         N/A       75%         2
 Passwall                 Tmut/Erth      0%         N/A       75%         2
 Searing Ray              Conj           0%         2d4       75%         2
 Ozocubu's Armour         Ice            0%         N/A       92%         3
 Stone Arrow              Conj/Erth      0%         3d7       92%         3
 Swiftness                Air            0%         N/A       92%         3
 Animate Dead             Necr           0%         N/A       100%        4
 Fulminant Prism          Conj/Hex       0%         3d5       100%        4
 Alistair's Intoxication  Tmut/Pois      0%         N/A       100%        5
 Borgnjor's Vile Clutch   Necr/Erth      0%         N/A       100%        5
 Metabolic Englaciation   Hex/Ice        0%         N/A       100%        5
 Death Channel            Necr           0%         N/A       100%        6
 Simulacrum               Ice/Necr       0%         N/A       100%        6


Dungeon Overview and Level Annotations

Branches:
Dungeon (10/15)            Temple (0/1) D:7
   Lair: D:8-11         Orc: D:9-12

Altars:
Ashenzari
Fedhas
Gozag
Hepliaklqana
Nemelex Xobeh
Trog
Xom

Shops:
D:5 *   D:7 (   D:9 **

Annotations:
D:3 2 runed translucent doors, 2FriedEggs's ghost, amateur OpSh
D:10 Erolcha


Innate Abilities, Weirdness & Mutations

Your life essence is reduced to manifest your ancestor. (-10% HP)
You have a pair of large horns on your head.
You frequently emit foul miasma when damaged in melee.
Your magical and physical power is slightly enhanced at high health.
You regenerate magic rapidly.
When seriously injured, your blood forms thick armour. (AC +9)


Message History

The large abomination is lightly damaged. Æðelind hits the large abomination with a +0 dagger of draining.
The titan skeleton hits you!!
* * * LOW HITPOINT WARNING * * *
The large abomination struggles against the net. Æðelind hits the large abomination but does no damage.
You feel much better. Æðelind hits the large abomination with a +0 dagger of draining.
The large abomination struggles against the net. Æðelind hits the large abomination but does no damage.
The titan skeleton hits you but does no damage.
Unknown command.
Your unstable footing causes you to fumble your attack. Æðelind casts a spell at the large abomination.
The large abomination resists with almost no effort.
The large abomination struggles against the net.
The titan skeleton closely misses you. Æðelind completely misses the large abomination.
You sock the large abomination!
The large abomination is severely damaged.
You carefully extract the barbed spikes from your body. Æðelind hits the large abomination with a +0 dagger of draining.
The large abomination struggles against the net. Æðelind hits the large abomination with a +0 dagger of draining!
The titan skeleton hits you but does no damage.
You impale the large abomination!!
You destroy the large abomination!
The titan skeleton hits you!
* * * LOW HITPOINT WARNING * * *
Your life force feels restored.
Unknown command.
You impale the titan skeleton!!
The titan skeleton is lightly damaged.
Your unstable footing causes you to fumble your attack.
The titan skeleton closely misses you. Æðelind gestures at the titan skeleton while chanting.
The titan skeleton resists with some effort.
Your unstable footing causes you to fumble your attack.
The titan skeleton hits you!!
You die...

#.... §. .#..#
. ...#. # . ~
##... # # #
~~~~ .....
.#..# #~~≈~
~#.. #
.##.≈~~~ .
##Z##.#~~~~~~≈
##4§@R.#≈~.
~~~
.~#§##....#
.#.≈≈ )##.#
##.~~ ###§.#.
.# ##4§ ~~~#
#.....
#~~~~#... # ##
# .#.. # ##. #
# ### .


You could see the friendly Æðelind the hexer, a chaos spawn (distracted) and a
titan skeleton (ally target).

Vanquished Creatures
  A very ugly thing (Abyss:2)
  A two-headed ogre (D:10)
  The ghost of Brisketman the Martial Artist, a novice OpSh of Dithmenos (D:8)
  A gargoyle (D:10)
  2 unseen horrors (D:10)
  A red devil (Abyss:2)
  2 hornets
  A shadow (D:10)
  Sigmund (D:6)
  A wyvern (D:8)
  3 steam dragons
  5 yaks (D:10)
  A vampire mosquito (D:10)
  A large abomination (Abyss:2)
  An acid dragon (D:10)
  An orc warrior (D:7)
  A sky beast (D:8)
  2 ogres
  A phantom (D:5)
  3 kobold brigands
  2 bullfrogs (D:6)
  A gnoll sergeant (D:9)
  5 scorpions
  13 killer bees
  A howler monkey (D:6)
  3 orc priests (D:7)
  A hound (D:4)
  Crazy Yiuf (D:6)
  2 sleepcaps
  Jessica (D:3)
  6 orc wizards
  Robin (D:2)
  6 adders
  8 gnolls
  A shadow imp (D:6)
  A white imp (D:7)
  3 ufetubi (D:5)
  6 dart slugs
  34 orcs
  10 ball pythons
  9 endoplasms
  2 giant cockroaches (D:4)
  12 goblins
  8 hobgoblins
  11 jackals
  3 quokkas
  4 bats
  3 frilled lizards
  19 kobolds
  A rat (D:2)
209 creatures vanquished.

Vanquished Creatures (collateral kills)
  4 ogres (D:8)
  2 centaurs
  4 killer bees
  A jelly (D:6)
  An orc priest (D:7)
  A hound (D:6)
  3 gnolls
  2 orcs (D:9)
  3 kobolds (D:9)
21 creatures vanquished.

Vanquished Creatures (others)
  A hound (D:7)
  A hexer (D:10)
  An ancestor (D:7)
  An orc (D:7)
4 creatures vanquished.

Grand Total: 234 creatures vanquished

Notes
Turn   | Place    | Note
-------+----------+-------------------------------------------
     0 | D:1      | Newt the Demonspawn Gladiator began the quest for the Orb.
     0 | D:1      | Reached XP level 1. HP: 16/16 MP: 1/1
   158 | D:1      | Gained mutation: When seriously injured, your blood forms
                  | armour. (AC +9) [demonic ancestry]
   158 | D:1      | Reached XP level 2. HP: 20/23 MP: 2/2
   729 | D:1      | Gained mutation: You may rarely emit foul miasma when
                  | damaged in melee. [demonic ancestry]
   729 | D:1      | Reached XP level 3. HP: 29/29 MP: 3/3
  1128 | D:2      | Gained mutation: You sometimes emit foul miasma when
                  | damaged in melee. [demonic ancestry]
  1128 | D:2      | Reached XP level 4. HP: 19/37 MP: 4/4
  1538 | D:2      | Noticed Robin
  1597 | D:2      | Killed Robin
  1736 | D:2      | Gained mutation: You have a pair of small horns on your
                  | head. [demonic ancestry]
  1736 | D:2      | Reached XP level 5. HP: 42/42 MP: 5/5
  1978 | D:3      | Reached skill level 1 in Stealth
  2355 | D:3      | Found a large runed translucent door.
  2355 | D:3      | Found a large runed translucent door.
  2363 | D:3      | Noticed 2FriedEggs's ghost (amateur OpSh)
  2375 | D:3      | Noticed Jessica
  2380 | D:3      | Killed Jessica
  3028 | D:4      | Identified the +0 scale mail of the Cockroach {Int+4 Dex+4}
  3590 | D:4      | Reached skill level 1 in Maces & Flails
  3590 | D:4      | Gained mutation: You frequently emit foul miasma when
                  | damaged in melee. [demonic ancestry]
  3590 | D:4      | Reached XP level 6. HP: 50/50 MP: 6/6
  3613 | D:4      | Reached skill level 2 in Maces & Flails
  3921 | D:4      | Reached skill level 3 in Maces & Flails
  4075 | D:5      | Entered Level 5 of the Dungeon
  4119 | D:5      | Found a bloodstained altar of Trog.
  4158 | D:5      | Gained mutation: You regenerate magic rapidly. [demonic
                  | ancestry]
  4158 | D:5      | Reached XP level 7. HP: 51/55 MP: 7/7
  4176 | D:5      | Found a broken altar of Ashenzari.
  4214 | D:5      | Reached skill level 4 in Maces & Flails
  4244 | D:5      | Found Penasos's CLEARANCE SALE!.
  4722 | D:5      | Found a faded altar of an unknown god.
  4723 | D:5      | Found a hazy altar of Hepliaklqana.
  4731 | D:5      | Became a worshipper of Hepliaklqana the Forgotten
  4779 | D:5      | Reached skill level 5 in Maces & Flails
  5105 | D:6      | Reached skill level 1 in Armour
  5196 | D:6      | Reached * piety under Hepliaklqana
  5242 | D:6      | Found a runed translucent door.
  5243 | D:6      | Noticed Crazy Yiuf
  5256 | D:6      | Killed Crazy Yiuf
  5690 | D:6      | Gained mutation: You have a pair of horns on your head.
                  | [demonic ancestry]
  5690 | D:6      | Reached XP level 8. HP: 45/54 MP: 8/8
  5751 | D:6      | Noticed Sigmund
  5757 | D:6      | Killed Sigmund
  5994 | D:6      | Reached skill level 5 in Armour
  6043 | D:7      | Found Kekk's Weapon Boutique.
  6299 | D:7      | Found a blossoming altar of Fedhas.
  6364 | D:7      | Reached skill level 6 in Maces & Flails
  6598 | D:7      | Reached ** piety under Hepliaklqana
  6600 | D:7      | Remembered your ancestor Æðelind as a hexer
  6612 | D:7      | Reached skill level 7 in Maces & Flails
  6762 | D:7      | Found a staircase to the Ecumenical Temple.
  6791 | D:7      | Gained mutation: When seriously injured, your blood forms
                  | thick armour. (AC +9) [demonic ancestry]
  6791 | D:7      | Reached XP level 9. HP: 9/60 MP: 9/9
  7394 | D:8      | Reached skill level 8 in Maces & Flails
  7704 | D:8      | Noticed Brisketman's ghost (novice OpSh)
  7705 | D:8      | Found a transporter.
  7714 | D:8      | Identified the +2 dire flail of Eleill {heavy, rPois rN+
                  | SInv}
  8168 | D:8      | Found a transporter.
  8185 | D:8      | Reached skill level 9 in Maces & Flails
  8191 | D:8      | Killed Brisketman's ghost
  8329 | D:9      | Reached *** piety under Hepliaklqana
  8360 | D:9      | Found a sparkling altar of Nemelex Xobeh.
  8364 | D:9      | Found a shimmering altar of Xom.
  8703 | D:9      | Found an opulent altar of Gozag.
  8707 | D:9      | Found Gozag's Platinum Reserve.
  8783 | D:9      | Gained mutation: You have a pair of large horns on your
                  | head. [demonic ancestry]
  8783 | D:9      | Reached XP level 10. HP: 47/65 MP: 10/10
  8786 | D:9      | Reached skill level 5 in Fighting
  9031 | D:9      | Found Menlu's Demolitions Depot.
  9186 | D:10     | Entered Level 10 of the Dungeon
  9364 | D:10     | Noticed a gargoyle
  9365 | D:10     | Noticed a two-headed ogre
  9378 | D:10     | Killed a two-headed ogre
  9382 | D:10     | Killed a gargoyle
  9817 | D:10     | Reached **** piety under Hepliaklqana
  9928 | D:10     | Noticed Erolcha
  9929 | Abyss:1  | Cast into level 1 of the Abyss (Erolcha)
 10011 | Abyss:2  | Noticed a purple very ugly thing
 10024 | Abyss:2  | Killed a purple very ugly thing
 10025 | Abyss:2  | Reached skill level 10 in Maces & Flails
 10025 | Abyss:2  | Gained mutation: Your magical and physical power is
                  | slightly enhanced at high health. [demonic ancestry]
 10025 | Abyss:2  | Reached XP level 11. HP: 60/80 MP: 11/11
 10043 | Abyss:2  | Slain by a titan skeleton

Illustrated notes

Levels and vault maps discovered:
D:1:      lemuel_arrival_room, layout_loops_ring, minmay_hexomino_c4
D:2:      layout_loops_ring, uniq_robin
D:3:      layout_basic, ebering_ghost_disaster_area, uniq_jessica
D:4:      nicolae_cairo_tiling_large, layout_loops_ring, dk_vineyard_2,
          minmay_misc_feat_cross, minmay_bent
D:5:      layout_cave_pools, beargit_hepliaklqana_dungeon_heroes,
          overflow_temple_1_default, mainiacjoe_overflow_paths, serial_rivers,
          chequers_serial_rivers_micro_b, chequers_serial_rivers_small_b,
          chequers_serial_rivers_large_a, chequers_serial_rivers_micro_b,
          chequers_serial_rivers_large_b, nicolae_shop_clearance
D:6:      layout_cave_pools, minmay_misc_feat_ornament, serial_bayou_pond_e,
          grunt_decor_clamped, minmay_misc_feat_nine_boxes, nrook_uturn,
          kennysheep_opposing_triangles, uniq_crazy_yiuf_cottage, uniq_sigmund
D:7:      layout_basic, mainiacjoe_overflow_six_doors_small,
          minmay_temple_entry_enclosed_plants, serial_shops,
          nicolae_stop_n_shop_1
D:8:      layout_basic, gammafunk_ghost_smash
D:9:      layout_irregular_city, nicolae_gozag_zags_fifth_avenue,
          mainiacjoe_overflow_catwalk_spiral, nicolae_blasting_shop
D:10:     layout_rooms, mainiacjoe_overflow_brackets, grunt_ministairs_4,
          minmay_increasing_density, uniq_erolcha
Abyss:2:  base: D:5, gammafunk_abyss_exit_x_factor

Skill      XL: |  1  2  3  4  5  6  7  8  9 10 |
---------------+-------------------------------+-----
Fighting       | 3 4 9 |  9.0
Dodging        | 3 4 |  4.0
Stealth        | 2 |  2.0
Maces & Flails | 1 3 5 7 9 10 | 10.5
Armour         | 3 5 7 8 |  8.0
Short Blades   | |  2.6
Throwing       | |  1.7

Action                     |  1- 3 |  4- 6 |  7- 9 | 10-12 || total
---------------------------+-------+-------+-------+-------++-------
  Melee: Rapier            |    72 |       |       |       ||    72
         Punch             |     1 |     1 |     2 |       ||     4
         Dagger            |    32 |   209 |       |       ||   241
         Headbutt          |       |    29 |    45 |    10 ||    84
         Whip              |       |     8 |   195 |       ||   203
         Dire flail        |       |       |    25 |    72 ||    97
  Throw: Javelin           |     1 |       |       |       ||     1
         Throwing net      |       |     1 |     2 |     4 ||     7
         Boomerang         |       |       |       |     1 ||     1
 Invoke: Ancestor Life: He |       |       |     1 |       ||     1
         Recall Ancestor   |       |       |     1 |     2 ||     3
  Evoke: Wand              |       |       |       |     6 ||     6
    Use: Scroll            |     4 |     3 |     9 |       ||    16
         Potion            |       |     1 |     5 |     1 ||     7
   Stab: Sleeping          |     1 |     7 |       |       ||     8
         Distracted        |       |     2 |     1 |     1 ||     4
         Confused          |       |       |     1 |     2 ||     3
         Held in net/web   |       |       |       |     2 ||     2
 Armour: Leather armour    |    49 |    71 |       |       ||   120
         Scale mail        |       |     9 |   100 |    44 ||   153
  Dodge: Dodged            |    74 |   118 |   132 |    87 ||   411

Table legend: (Time is in decaauts)
 A = Elapsed time spent in this place.
 B = Non-inter-level travel time spent in this place.
 C = Inter-level travel time spent in this place.
 D = Time resting spent in this place.
 E = Time spent auto-exploring this place.
 F = Levels seen in this place.
 G = Mean time per level.
                   A        B        C        D        E       F      G
               +--------+--------+--------+--------+--------+-----+--------+
         Total |  10081 |   9727 |    354 |   1681 |   6502 |  12 |  840.1 |
       Dungeon |   9961 |   9607 |    354 |   1681 |   6502 |  10 |  996.1 |
         Abyss |    119 |    119 |      0 |      0 |      0 |   2 |   59.5 |
               +--------+--------+--------+--------+--------+-----+--------+

Top non-repeatable levels by time:
     D:7: 1192 daAuts
     D:4: 1151 daAuts
     D:8: 1074 daAuts
     D:3: 1044 daAuts
     D:6: 1025 daAuts
     D:2: 1011 daAuts
     D:5: 982 daAuts
     D:9: 883 daAuts
     D:1: 840 daAuts
    D:10: 754 daAuts
 Abyss:2: 94 daAuts
 Abyss:1: 25 daAuts
